[Event "XIII Mediterranean Championship 2023"]
[Site "Castell-Platja d Aro"]
[Date "2023.11.10"]
[Round "8.20"]
[White "Garcia Paolicchi, Raul"]
[Black "Vinolas Anglada, Laura"]
[Result "1-0"]
[ECO "E09"]
[WhiteElo "2051"]
[BlackElo "1884"]
[Annotator "NA RC"]
[PlyCount "79"]
[EventDate "2023.10.26"]
[EventType "swiss"]
[EventCountry "ESP"]
[SourceTitle "playchess.com"]
[Source "ChessBase"]
[SourceQuality "1"]
[TimeControl "5400+30"]

1. d4 d5 2. Nf3 Nf6 3. g3 e6 4. Bg2 Be7 5. O-O O-O 6. c4 Nbd7 7. Qc2 c6 8. Nbd2 b6 9. e4 dxc4 10. Nxc4 Bb7 11. Rd1 c5 12. e5 Nd5 13. Qe4 Kh8 14. Qg4 b5 15. Ne3 Rc8 16. Nxd5 Bxd5 17. Be3 Rc7 18. Qh5 c4 19. Ng5 Bxg5 20. Bxg5 Qe8 21. Bxd5 exd5 22. Bd2 f6 23. Qxe8 Rxe8 24. f4 Kg8 25. a4 bxa4 26. Rxa4 Nb6 27. Ra6 Kf7 28. Rda1 Ree7 29. Bb4 Red7 30. f5 fxe5 31. dxe5 Kg8 32. e6 Rd8 33. Rxa7 Rxa7 34. Rxa7 d4 35. Bc5 d3 36. e7 Rb8 37. Rb7 Ra8 38. Rxb6 Kf7 39. Kf2 Ra1 40. Rb8 1-0

[Event "XIII Mediterranean Championship 2023"]
[Site "Castell-Platja d Aro"]
[Date "2023.11.10"]
[Round "8.22"]
[White "Clot Chico, Arnau"]
[Black "Andreu Lopez, Santiago"]
[Result "1/2-1/2"]
[ECO "E64"]
[WhiteElo "2008"]
[BlackElo "1834"]
[Annotator "NA RC"]
[PlyCount "82"]
[EventDate "2023.10.26"]
[EventType "swiss"]
[EventCountry "ESP"]
[SourceTitle "playchess.com"]
[Source "ChessBase"]
[SourceQuality "1"]
[TimeControl "5400+30"]

1. c4 Nf6 2. Nc3 g6 3. g3 Bg7 4. Bg2 O-O 5. d4 d6 6. Nf3 c5 7. h3 cxd4 8. Nxd4 Qb6 9. Ndb5 Nc6 10. O-O a6 11. Be3 Qa5 12. Nd4 Bd7 13. Nd5 Nxd5 14. cxd5 Nxd4 15. Bxd4 Bxd4 16. Qxd4 Rfc8 17. Rfc1 Rxc1+ 18. Rxc1 Rc8 19. Rxc8+ Bxc8 20. Qe3 Kf8 21. Bf3 Qc5 22. Qd2 a5 23. h4 h5 24. Kg2 b6 25. Qh6+ Kg8 26. Qg5 Kf8 27. Qd2 Bb7 28. e4 Bc8 29. Qh6+ Kg8 30. Qg5 Kf8 31. e5 dxe5 32. Qxe5 f6 33. Qb8 Kg7 34. d6 exd6 35. Qa7+ Kf8 36. Qh7 Bf5 37. Qh8+ Ke7 38. Qg7+ Ke6 39. Qg8+ Ke7 40. Qg7+ Ke6 41. Qg8+ Ke7 1/2-1/2

[Event "XIII Mediterranean Championship 2023"]
[Site "Castell-Platja d Aro"]
[Date "2023.11.10"]
[Round "8.23"]
[White "Alonso Gimenez, Mauro"]
[Black "Moran Cabezas, Eric"]
[Result "1-0"]
[ECO "C28"]
[WhiteElo "1978"]
[BlackElo "1736"]
[Annotator "NA RC"]
[PlyCount "45"]
[EventDate "2023.10.26"]
[EventType "swiss"]
[EventCountry "ESP"]
[SourceTitle "playchess.com"]
[Source "ChessBase"]
[SourceQuality "1"]
[TimeControl "5400+30"]

1. e4 e5 2. Bc4 Nf6 3. d3 Nc6 4. Nc3 d6 5. Nge2 Be7 6. O-O Na5 7. f4 Nxc4 8. dxc4 Bg4 9. h3 Bxe2 10. Qxe2 Qd7 11. f5 c6 12. Bg5 O-O-O 13. a4 Nd5 14. cxd5 Bxg5 15. b4 Qc7 16. b5 c5 17. a5 Kd7 18. b6 Qb8 19. a6 bxa6 20. bxa7 Qb4 21. Qxa6 Be3+ 22. Kh1 Ke7 23. f6+ 1-0

[Event "XIII Mediterranean Championship 2023"]
[Site "Castell-Platja d Aro"]
[Date "2023.11.10"]
[Round "8.24"]
[White "De Lussac, Estephe"]
[Black "Parramon Arimany, Marc"]
[Result "1-0"]
[ECO "B23"]
[WhiteElo "2013"]
[BlackElo "1834"]
[Annotator "NA RC"]
[PlyCount "57"]
[EventDate "2023.10.26"]
[EventType "swiss"]
[EventCountry "ESP"]
[SourceTitle "playchess.com"]
[Source "ChessBase"]
[SourceQuality "1"]
[TimeControl "5400+30"]

1. e4 c5 2. Nc3 Nc6 3. Bb5 a6 4. Bxc6 dxc6 5. d3 e5 6. f4 Bd6 7. Nf3 Bg4 8. fxe5 Bxe5 9. O-O Qd6 10. h3 Bh5 11. g4 Bd4+ 12. Kg2 Bg6 13. Ne2 Be5 14. Nxe5 Qxe5 15. Bf4 Qe7 16. Qe1 h5 17. g5 O-O-O 18. Nc3 f6 19. h4 Qe6 20. Na4 Rd4 21. Nxc5 Qg4+ 22. Qg3 Qxg3+ 23. Kxg3 Bf7 24. Bd2 Bg6 25. Bc3 Rd6 26. Rf4 Kc7 27. e5 Rd5 28. Ne6+ Kd7 29. Nf8+ 1-0

[Event "XIII Mediterranean Championship 2023"]
[Site "Castell-Platja d Aro"]
[Date "2023.11.10"]
[Round "8.25"]
[White "Galvan Cipriani, Viviana"]
[Black "Zvereva, Marija"]
[Result "1-0"]
[ECO "E68"]
[WhiteElo "2077"]
[BlackElo "2144"]
[Annotator "RC"]
[PlyCount "85"]
[EventDate "2023.10.26"]
[EventType "swiss"]
[EventCountry "ESP"]
[SourceTitle "playchess.com"]
[Source "ChessBase"]
[SourceQuality "1"]
[TimeControl "5400+30"]

1. c4 Nf6 2. Nc3 d6 3. g3 e5 4. Bg2 g6 5. Nf3 Bg7 6. d4 Nbd7 7. O-O O-O 8. e4 exd4 9. Nxd4 Re8 10. Re1 Nc5 11. h3 h6 12. Rb1 Kh7 13. b4 Ne6 14. Nc2 Nh5 15. Qd3 Ng5 16. g4 Nf6 17. f4 Ne6 18. Bd2 Nd7 19. Rbd1 a5 20. a3 Kh8 21. Rf1 axb4 22. axb4 Nb6 23. Nd5 c6 24. Nxb6 Qxb6+ 25. Be3 Qd8 26. f5 Ng5 27. Qxd6 Qxd6 28. Rxd6 Ra2 29. Bxg5 hxg5 30. Rf2 gxf5 31. gxf5 Be5 32. Rd3 Rb2 33. Bf3 Kg7 34. c5 Kf6 35. Kg2 Ke7 36. Bh5 Kf6 37. Ne3 Kg7 38. Rxb2 Bxb2 39. Bf3 Be5 40. Nc4 Bc7 41. Rd1 Kf6 42. Kf2 Ke7 43. Bg4 1-0

[Event "XIII Mediterranean Championship 2023"]
[Site "Castell-Platja d Aro"]
[Date "2023.11.10"]
[Round "8.26"]
[White "Vinals Rioja, Jaume"]
[Black "Diaz Comas, Jordi"]
[Result "1/2-1/2"]
[ECO "D04"]
[WhiteElo "1838"]
[BlackElo "1837"]
[Annotator "NA RC"]
[PlyCount "22"]
[EventDate "2023.10.26"]
[EventType "swiss"]
[EventCountry "ESP"]
[SourceTitle "playchess.com"]
[Source "ChessBase"]
[SourceQuality "1"]
[TimeControl "5400+30"]

1. d4 Nf6 2. Nf3 d5 3. e3 Bf5 4. Bd3 Bxd3 5. Qxd3 c6 6. Nbd2 e6 7. Ne5 Nbd7 8. f4 g6 9. c3 Bg7 10. b3 Qa5 11. a4 Qd8 1/2-1/2

[Event "XIII Mediterranean Championship 2023"]
[Site "Castell-Platja d Aro"]
[Date "2023.11.10"]
[Round "8.27"]
[White "Lunin Bohomolets, Iliia"]
[Black "Hernando Rodrigo, Lourdes"]
[Result "1-0"]
[ECO "D30"]
[WhiteElo "1850"]
[BlackElo "1625"]
[Annotator "NA RC"]
[PlyCount "59"]
[EventDate "2023.10.26"]
[EventType "swiss"]
[EventCountry "ESP"]
[SourceTitle "playchess.com"]
[Source "ChessBase"]
[SourceQuality "1"]
[TimeControl "5400+30"]

1. d4 d5 2. Nf3 e6 3. c4 h6 4. g3 Nf6 5. Bg2 Bd6 6. O-O c6 7. Nbd2 O-O 8. b3 Nbd7 9. Bb2 Re8 10. Ne5 Qc7 11. Nd3 c5 12. Rc1 b6 13. cxd5 exd5 14. b4 c4 15. Nxc4 Qb8 16. Nxd6 Qxd6 17. Rc2 Ba6 18. Qd2 Ne4 19. Qf4 Bxd3 20. Qxd6 Nxd6 21. exd3 Nf6 22. Bh3 Re7 23. Ba3 Nb5 24. Bb2 Nc7 25. Bc1 Nb5 26. Be3 g5 27. Rc6 Kg7 28. Rfc1 Rae8 29. a4 Na3 30. R6c3 1-0

[Event "XIII Mediterranean Championship 2023"]
[Site "Castell-Platja d Aro"]
[Date "2023.11.10"]
[Round "8.28"]
[White "Vinas Racionero, Josep"]
[Black "Vidal Palou, Jordi"]
[Result "1/2-1/2"]
[ECO "B01"]
[WhiteElo "2075"]
[BlackElo "1620"]
[Annotator "NA RC"]
[PlyCount "49"]
[EventDate "2023.10.26"]
[EventType "swiss"]
[EventCountry "ESP"]
[SourceTitle "playchess.com"]
[Source "ChessBase"]
[SourceQuality "1"]
[TimeControl "5400+30"]

1. e4 d5 2. exd5 Qxd5 3. Nc3 Qa5 4. d4 c6 5. Bc4 Nf6 6. Nf3 e6 7. Bd2 Qc7 8. Qe2 b5 9. Bb3 Bd6 10. d5 O-O 11. dxc6 a6 12. O-O-O Nxc6 13. Ne4 Be7 14. g4 Na5 15. Bxa5 Qxa5 16. g5 Nxe4 17. Qxe4 Qb6 18. h4 Bb7 19. Qg4 Qxf2 20. Rhf1 Qe3+ 21. Kb1 Bxf3 22. Rxf3 Qe2 23. Rdf1 Rad8 24. a3 a5 25. a4 1/2-1/2

[Event "XIII Mediterranean Championship 2023"]
[Site "Castell-Platja d Aro"]
[Date "2023.11.10"]
[Round "8.29"]
[White "Vidal Traves, Marti"]
[Black "Hernando Rodrigo, Inmaculada"]
[Result "0-1"]
[ECO "C54"]
[WhiteElo "1631"]
[BlackElo "1734"]
[Annotator "NA RC"]
[PlyCount "86"]
[EventDate "2023.10.26"]
[EventType "swiss"]
[EventCountry "ESP"]
[SourceTitle "playchess.com"]
[Source "ChessBase"]
[SourceQuality "1"]
[TimeControl "5400+30"]

1. e4 e5 2. Nf3 Nc6 3. Bc4 Nf6 4. d3 Bc5 5. O-O d6 6. h3 h6 7. c3 g5 8. d4 exd4 9. cxd4 Bb6 10. e5 dxe5 11. dxe5 Qxd1 12. Rxd1 Ne4 13. Nbd2 Nxf2 14. Rf1 Nxh3+ 15. Kh2 Nf4 16. Ne4 Ng6 17. b3 Be6 18. Nf6+ Kd8 19. Bb2 Bc5 20. Ne4 Be7 21. Rad1+ Ke8 22. Bxe6 fxe6 23. Nf6+ Bxf6 24. exf6 Rf8 25. Rfe1 Nd8 26. Rd2 a5 27. Red1 Rf7 28. Nd4 Nf4 29. Nb5 Nd5 30. Re1 Kf8 31. Red1 a4 32. Ba3+ Ke8 33. Re2 Nxf6 34. Rc2 Nd5 35. Rxd5 exd5 36. Nxc7+ Rxc7 37. Rxc7 Nc6 38. Rxb7 d4 39. Rh7 Ra5 40. b4 Rd5 41. Rxh6 d3 42. Bc1 Ne5 43. Bd2 Ng4+ 0-1

[Event "XIII Mediterranean Championship 2023"]
[Site "Castell-Platja d Aro"]
[Date "2023.11.10"]
[Round "8.30"]
[White "Leon Escoda, Manel"]
[Black "Ballo Serrano, Jan"]
[Result "*"]
[ECO "E09"]
[WhiteElo "1682"]
[BlackElo "1512"]
[Annotator "NA RC"]
[PlyCount "106"]
[EventDate "2023.10.26"]
[EventType "swiss"]
[EventCountry "ESP"]
[SourceTitle "playchess.com"]
[Source "ChessBase"]
[SourceQuality "1"]
[TimeControl "5400+30"]

1. d4 Nf6 2. c4 e6 3. Nf3 Be7 4. g3 d5 5. Bg2 O-O 6. O-O c6 7. Qc2 Nbd7 8. Nbd2 b6 9. e4 dxe4 10. Nxe4 Nxe4 11. Qxe4 Bb7 12. Ne5 Nxe5 13. dxe5 Rb8 14. Qg4 Kh8 15. Be3 Qc7 16. Rad1 c5 17. Bxb7 Qxb7 18. Rd3 Rbd8 19. Rfd1 Qc7 20. Qe4 h6 21. b3 Rxd3 22. Rxd3 Rd8 23. Rxd8+ Bxd8 24. Kf1 Qd7 25. Ke2 Be7 26. Qd3 Qc7 27. Qe4 a5 28. Kd2 Qd7+ 29. Kc2 g5 30. g4 Kg7 31. Bd2 a4 32. Qd3 Qa7 33. bxa4 Qxa4+ 34. Qb3 Qc6 35. Qb5 Qe4+ 36. Kb3 Qb1+ 37. Kc3 Qxa2 38. Qxb6 Qa8 39. Be3 Qa1+ 40. Kd3 Qxe5 41. Qb7 Qd6+ 42. Ke2 Bf6 43. h3 Bd4 44. Qe4 Bxe3 45. Qxe3 Qd4 46. Qxd4+ cxd4 47. Kd3 e5 48. f3 Kf6 49. c5 Ke6 50. Kc4 Kd7 51. Kb4 Kc6 52. Kc4 Kb7 53. Kb4 Ka6 *

[Event "XIII Mediterranean Championship 2023"]
[Site "Castell-Platja d Aro"]
[Date "2023.11.10"]
[Round "8.30"]
[White "Vidal Traves, Marti"]
[Black "Hernando Rodrigo, Inmaculada"]
[Result "0-1"]
[ECO "E09"]
[WhiteElo "1631"]
[BlackElo "1734"]
[Annotator "NA RC"]
[PlyCount "144"]
[EventDate "2023.10.26"]
[EventType "swiss"]
[EventCountry "ESP"]
[SourceTitle "playchess.com"]
[Source "ChessBase"]
[SourceQuality "1"]
[TimeControl "5400+30"]

1. d4 Nf6 2. c4 e6 3. Nf3 Be7 4. g3 d5 5. Bg2 O-O 6. O-O c6 7. Qc2 Nbd7 8. Nbd2 b6 9. e4 dxe4 10. Nxe4 Nxe4 11. Qxe4 Bb7 12. Ne5 Nxe5 13. dxe5 Rb8 14. Qg4 Kh8 15. Be3 Qc7 16. Rad1 c5 17. Bxb7 Qxb7 18. Rd3 Rbd8 19. Rfd1 Qc7 20. Qe4 h6 21. b3 Rxd3 22. Rxd3 Rd8 23. Rxd8+ Bxd8 24. Kf1 Qd7 25. Ke2 Be7 26. Qd3 Qc7 27. Qe4 a5 28. Kd2 Qd7+ 29. Kc2 g5 30. g4 Kg7 31. Bd2 a4 32. Qd3 Qa7 33. bxa4 Qxa4+ 34. Qb3 Qc6 35. Qb5 Qe4+ 36. Kb3 Qb1+ 37. Kc3 Qxa2 38. Qxb6 Qa8 39. Be3 Qa1+ 40. Kd3 Qxe5 41. Qb7 Qd6+ 42. Ke2 Bf6 43. h3 Bd4 44. Qe4 Bxe3 45. Qxe3 Qd4 46. Qxd4+ cxd4 47. Kd3 e5 48. f3 Kf6 49. c5 Ke6 50. Kc4 Kd7 51. Kb4 Kc6 52. Kc4 Kb7 53. Kb4 Ka6 54. Ka4 d3 55. Kb3 d2 56. Kc2 Kb5 57. Kxd2 Kxc5 58. Ke3 Kd5 59. Kd3 Ke6 60. Ke3 f5 61. Kd3 f4 62. Ke4 Kd6 63. Kf5 Kd5 64. Kg6 e4 65. Kxh6 exf3 66. Kxg5 Ke4 67. h4 f2 68. h5 f1=Q 69. Kg6 Qa6+ 70. Kg7 Qb7+ 71. Kg6 Qc6+ 72. Kg7 Qd7+ 0-1

[Event "XIII Mediterranean Championship 2023"]
[Site "Castell-Platja d Aro"]
[Date "2023.11.10"]
[Round "8.31"]
[White "Garcia Rodriguez, Laia"]
[Black "Giro Castellet, Esteve"]
[Result "1/2-1/2"]
[ECO "B02"]
[WhiteElo "1811"]
[BlackElo "1633"]
[Annotator "NA RC"]
[PlyCount "75"]
[EventDate "2023.10.26"]
[EventType "swiss"]
[EventCountry "ESP"]
[SourceTitle "playchess.com"]
[Source "ChessBase"]
[SourceQuality "1"]
[TimeControl "5400+30"]

1. e4 d5 2. exd5 Nf6 3. Nc3 Nxd5 4. Nf3 e6 5. Bc4 c6 6. O-O Be7 7. d4 O-O 8. Nxd5 exd5 9. Bd3 Bg4 10. c3 Nd7 11. Bf4 Nf6 12. h3 Bh5 13. Be2 Ne4 14. Ne5 Bxe2 15. Qxe2 Bg5 16. Qe3 f6 17. Bxg5 Nxg5 18. Nd3 Qc7 19. Qd2 Rae8 20. Rfe1 Ne4 21. Qc2 Re7 22. Re3 Rfe8 23. Rae1 Ng5 24. Qc1 Ne4 25. b3 Nd6 26. c4 dxc4 27. bxc4 Nf5 28. Rxe7 Rxe7 29. Rxe7 Nxe7 30. Qe3 b6 31. Qe6+ Kf8 32. d5 cxd5 33. cxd5 Qc4 34. Ne1 Qxd5 35. Qe2 Qe5 36. Qd2 Qd5 37. Qe2 Qe5 38. Qd2 1/2-1/2

[Event "XIII Mediterranean Championship 2023"]
[Site "Castell-Platja d Aro"]
[Date "2023.11.10"]
[Round "8.32"]
[White "Teixidor Banus, Josep Maria"]
[Black "Delbos, Jean-Louis"]
[Result "1/2-1/2"]
[ECO "D00"]
[WhiteElo "1669"]
[BlackElo "1573"]
[Annotator "NA RC"]
[PlyCount "34"]
[EventDate "2023.10.26"]
[EventType "swiss"]
[EventCountry "ESP"]
[SourceTitle "playchess.com"]
[Source "ChessBase"]
[SourceQuality "1"]
[TimeControl "5400+30"]

1. d4 d5 2. Bf4 c5 3. e3 Nc6 4. c3 Nf6 5. Nd2 cxd4 6. exd4 Bg4 7. Be2 Bxe2 8. Qxe2 Qb6 9. Rb1 e6 10. h3 Be7 11. Ngf3 O-O 12. O-O Rfe8 13. Ne5 Nxe5 14. Bxe5 Nd7 15. Bh2 a5 16. Qd3 Qa6 17. Qxa6 Rxa6 1/2-1/2

[Event "XIII Mediterranean Championship 2023"]
[Site "Castell-Platja d Aro"]
[Date "2023.11.11"]
[Round "9.1"]
[White "Iermito, Sebastian"]
[Black "Gines Esteo, Pedro Antonio"]
[Result "1/2-1/2"]
[ECO "C67"]
[WhiteElo "2521"]
[BlackElo "2490"]
[Annotator "RC"]
[PlyCount "35"]
[EventDate "2023.10.26"]
[EventType "swiss"]
[EventCountry "ESP"]
[SourceTitle "playchess.com"]
[Source "ChessBase"]
[SourceQuality "1"]
[TimeControl "5400+30"]

1. e4 e5 2. Nf3 Nc6 3. Bb5 Nf6 4. O-O Nxe4 5. Re1 Nd6 6. Nxe5 Be7 7. Bf1 Nxe5 8. Rxe5 O-O 9. Nc3 Ne8 10. Nd5 Bd6 11. Re1 c6 12. Ne3 Bc7 13. Nf5 d5 14. Ne7+ Kh8 15. Nxc8 Rxc8 16. d3 f5 17. Qf3 Qf6 18. Rb1 1/2-1/2

[Event "XIII Mediterranean Championship 2023"]
[Site "Castell-Platja d Aro"]
[Date "2023.11.11"]
[Round "9.2"]
[White "Asis Gargatagli, Hipolito"]
[Black "Ayats Llobera, Gerard"]
[Result "1/2-1/2"]
[ECO "B52"]
[WhiteElo "2511"]
[BlackElo "2442"]
[Annotator "RC"]
[PlyCount "29"]
[EventDate "2023.10.26"]
[EventType "swiss"]
[EventCountry "ESP"]
[SourceTitle "playchess.com"]
[Source "ChessBase"]
[SourceQuality "1"]
[TimeControl "5400+30"]

1. e4 c5 2. Nf3 d6 3. Bb5+ Bd7 4. Bxd7+ Qxd7 5. c4 Nc6 6. O-O g6 7. d4 cxd4 8. Nxd4 Bg7 9. Be3 Nf6 10. f3 O-O 11. Nc3 Rac8 12. b3 Nxd4 13. Bxd4 b6 14. Qd3 Rfd8 15. Rfd1 1/2-1/2

[Event "XIII Mediterranean Championship 2023"]
[Site "Castell-Platja d Aro"]
[Date "2023.11.11"]
[Round "9.3"]
[White "Garriga Cazorla, Pere"]
[Black "Narciso Dublan, Marc"]
[Result "1/2-1/2"]
[ECO "E73"]
[WhiteElo "2459"]
[BlackElo "2401"]
[Annotator "RC"]
[PlyCount "72"]
[EventDate "2023.10.26"]
[EventType "swiss"]
[EventCountry "ESP"]
[SourceTitle "playchess.com"]
[Source "ChessBase"]
[SourceQuality "1"]
[TimeControl "5400+30"]

1. d4 Nf6 2. c4 g6 3. Nc3 Bg7 4. e4 d6 5. Be2 O-O 6. Be3 e5 7. d5 Na6 8. h4 Nc5 9. Qc2 c6 10. h5 cxd5 11. cxd5 Bd7 12. b4 Na6 13. b5 Nc5 14. Bxc5 dxc5 15. h6 Bh8 16. Rd1 a6 17. a4 Qa5 18. Kf1 c4 19. Nf3 axb5 20. axb5 Bxb5 21. Nxb5 Qxb5 22. Nxe5 Qa4 23. Qxa4 Rxa4 24. Nxc4 Nxe4 25. Ne3 Nd6 26. g3 Re8 27. Kg2 b5 28. Kf3 Bd4 29. Rd3 Kf8 30. Rc1 Bxe3 31. Rxe3 Rxe3+ 32. Kxe3 Nf5+ 33. Kf3 Nd4+ 34. Ke3 Nf5+ 35. Kf3 Nd4+ 36. Ke3 Nf5+ 1/2-1/2

[Event "XIII Mediterranean Championship 2023"]
[Site "Castell-Platja d Aro"]
[Date "2023.11.11"]
[Round "9.4"]
[White "Alexakis, Dimitris"]
[Black "Lazaro Pujol, Abel"]
[Result "1-0"]
[ECO "C78"]
[WhiteElo "2458"]
[BlackElo "2289"]
[Annotator "RC"]
[PlyCount "73"]
[EventDate "2023.10.26"]
[EventType "swiss"]
[EventCountry "ESP"]
[SourceTitle "playchess.com"]
[Source "ChessBase"]
[SourceQuality "1"]
[TimeControl "5400+30"]

1. e4 e5 2. Nf3 Nc6 3. Bb5 a6 4. Ba4 Nf6 5. O-O b5 6. Bb3 Bc5 7. c3 d6 8. a4 Rb8 9. d4 Bb6 10. a5 Ba7 11. Be3 Bg4 12. Nbd2 O-O 13. h3 exd4 14. cxd4 Bh5 15. Qc1 Nb4 16. Qc3 c5 17. dxc5 dxc5 18. Rad1 Qe8 19. Rfe1 Rd8 20. Bxc5 Bxc5 21. Qxc5 Nd3 22. Qg5 Nxe1 23. Rxe1 h6 24. Qg3 Qe7 25. e5 Nh7 26. e6 Kh8 27. exf7 Qd6 28. Qxd6 Rxd6 29. Ne4 Rd3 30. Nc5 Rd6 31. Ne5 Ng5 32. Ned7 Rxf7 33. Re8+ Kh7 34. Nf8+ Rxf8 35. Rxf8 Bd1 36. Bg8+ Kg6 37. f4 1-0

[Event "XIII Mediterranean Championship 2023"]
[Site "Castell-Platja d Aro"]
[Date "2023.11.11"]
[Round "9.5"]
[White "Martin Barcelo, Carles"]
[Black "Gilevych, Artem"]
[Result "0-1"]
[ECO "B13"]
[WhiteElo "2242"]
[BlackElo "2416"]
[Annotator "RC"]
[PlyCount "46"]
[EventDate "2023.10.26"]
[EventType "swiss"]
[EventCountry "ESP"]
[SourceTitle "playchess.com"]
[Source "ChessBase"]
[SourceQuality "1"]
[TimeControl "5400+30"]

1. e4 c6 2. d4 d5 3. exd5 cxd5 4. Bd3 Nc6 5. c3 Qc7 6. Ne2 Bg4 7. O-O e6 8. Qe1 Nf6 9. Bg5 Bh5 10. f4 Bxe2 11. Qxe2 h6 12. Bh4 Bd6 13. Bg3 h5 14. Qf2 h4 15. Bxh4 Ng4 16. Qg3 Nxh2 17. Kxh2 Qe7 18. Kg1 Rxh4 19. Nd2 g5 20. Qxg5 Bxf4 21. Qg8+ Kd7 22. Qxa8 Be3+ 23. Rf2 Rh1+ 0-1

[Event "XIII Mediterranean Championship 2023"]
[Site "Castell-Platja d Aro"]
[Date "2023.11.11"]
[Round "9.6"]
[White "Domene Mulyukov, Alexander"]
[Black "Trepat Herranz, Joan"]
[Result "1/2-1/2"]
[ECO "A49"]
[WhiteElo "2198"]
[BlackElo "2385"]
[Annotator "RC"]
[PlyCount "136"]
[EventDate "2023.10.26"]
[EventType "swiss"]
[EventCountry "ESP"]
[SourceTitle "playchess.com"]
[Source "ChessBase"]
[SourceQuality "1"]
[TimeControl "5400+30"]

1. Nf3 Nf6 2. g3 g6 3. Bg2 Bg7 4. O-O O-O 5. Re1 d6 6. d4 Nbd7 7. e4 e5 8. c3 Re8 9. Qc2 c6 10. Nbd2 Qc7 11. a4 a5 12. Qb3 Nb6 13. Bf1 Be6 14. Qc2 h6 15. b3 Nfd7 16. Bb2 Rad8 17. b4 Ra8 18. h4 Nf6 19. Nb3 Bxb3 20. Qxb3 exd4 21. bxa5 Rxa5 22. cxd4 Rxe4 23. Bc3 Ra8 24. Bd3 Rxe1+ 25. Bxe1 Nbd5 26. a5 Re8 27. Kg2 Re7 28. Bd2 Ne4 29. Be1 Qd7 30. Bc4 Nef6 31. Nh2 Qe6 32. Rb1 Qe4+ 33. Nf3 Qg4 34. Bd2 Qf5 35. Bd3 Ne4 36. Bxe4 Rxe4 37. Qxb7 Re2 38. Re1 Rxe1 39. Nxe1 Bxd4 40. Nf3 Qe4 41. Bxh6 Ne7 42. Qb8+ Kh7 43. Bf4 Nf5 44. Qf8 Qd5 45. a6 Bg7 46. Qe8 Nd4 47. Qe3 c5 48. a7 Qa8 49. Bxd6 Nxf3 50. Qxf3 Qxa7 51. Qd5 Bd4 52. h5 Qd7 53. Kf3 Qe6 54. Qxe6 fxe6 55. hxg6+ Kxg6 56. Ke2 c4 57. f3 e5 58. Bb4 Kf5 59. Bd2 Kg6 60. Be3 Kf5 61. g4+ Kf6 62. Bd2 Ke6 63. Kd1 Kd5 64. Kc2 e4 65. fxe4+ Kxe4 66. Bc3 Bxc3 67. Kxc3 Kf4 68. Kxc4 Kxg4 1/2-1/2

[Event "XIII Mediterranean Championship 2023"]
[Site "Castell-Platja d Aro"]
[Date "2023.11.11"]
[Round "9.8"]
[White "Jimenez Ruano, Adrian"]
[Black "Rojano Alfonso, Carlos"]
[Result "1/2-1/2"]
[ECO "E20"]
[WhiteElo "2281"]
[BlackElo "2207"]
[Annotator "RC"]
[PlyCount "119"]
[EventDate "2023.10.26"]
[EventType "swiss"]
[EventCountry "ESP"]
[SourceTitle "playchess.com"]
[Source "ChessBase"]
[SourceQuality "1"]
[TimeControl "5400+30"]

1. d4 e6 2. c4 Nf6 3. Nc3 Bb4 4. f3 c5 5. d5 b5 6. e4 d6 7. Nge2 bxc4 8. Nf4 g5 9. Nfe2 exd5 10. exd5 Qe7 11. Bxg5 Nbd7 12. Qd2 Bxc3 13. bxc3 Rg8 14. h4 h6 15. Bxh6 Ne5 16. Kf2 Nd3+ 17. Kg1 Rb8 18. Qd1 Rg6 19. Bd2 Qe5 20. h5 Nxh5 21. Qa4+ Ke7 22. Qxc4 Nb2 23. Qh4+ Qf6 24. Qxh5 Nc4 25. Bf4 Rb2 26. Qh4 Bb7 27. Qxf6+ Kxf6 28. Nc1 Bxd5 29. Rh6 Rxh6 30. Bxh6 Na3 31. Nd3 Rxa2 32. Rxa2 Bxa2 33. Nb2 a5 34. Kf2 Bb3 35. Ke1 a4 36. Kd2 Nb1+ 37. Kc1 Nxc3 38. Bd2 Nd5 39. Bc4 Nb6 40. Bxb3 axb3 41. Ba5 Nd5 42. Nc4 Ke6 43. Bd2 Nf6 44. Na5 Kd5 45. Nxb3 c4 46. Na1 Kd4 47. Bb4 Ke3 48. Bxd6 Kf2 49. Kd2 Kxg2 50. Ke2 Nd5 51. Nc2 Nc3+ 52. Ke3 f5 53. f4 Kg3 54. Na3 Kg4 55. Nxc4 Nd5+ 56. Kd4 Nxf4 57. Ne5+ Kh5 58. Nf3 Ng6 59. Ke3 Kg4 60. Ne5+ 1/2-1/2

[Event "XIII Mediterranean Championship 2023"]
[Site "Castell-Platja d Aro"]
[Date "2023.11.11"]
[Round "9.9"]
[White "Lever, Erwan"]
[Black "Ventura Bolet, Alexandre"]
[Result "1-0"]
[ECO "E94"]
[WhiteElo "2184"]
[BlackElo "2238"]
[Annotator "RC"]
[PlyCount "107"]
[EventDate "2023.10.26"]
[EventType "swiss"]
[EventCountry "ESP"]
[SourceTitle "playchess.com"]
[Source "ChessBase"]
[SourceQuality "1"]
[TimeControl "5400+30"]

1. d4 Nf6 2. c4 d6 3. Nf3 g6 4. Nc3 Nbd7 5. e4 e5 6. Be2 Bg7 7. O-O O-O 8. Qc2 c6 9. d5 c5 10. Bg5 h6 11. Bd2 Ne8 12. Rae1 Ndf6 13. Kh1 a6 14. a3 Rb8 15. b4 b6 16. Rb1 Nh5 17. g3 Bg4 18. Ng1 Bxe2 19. Ngxe2 f5 20. f3 Qc8 21. Qd3 f4 22. g4 Nhf6 23. bxc5 bxc5 24. Rxb8 Qxb8 25. Rb1 Qc8 26. Rb6 h5 27. gxh5 Nxh5 28. Ng1 Nhf6 29. Qf1 g5 30. h3 Rf7 31. Qb1 Bf8 32. Rb8 Qd7 33. Qd1 Rg7 34. Kg2 g4 35. hxg4 Nxg4 36. fxg4 Rxg4+ 37. Kf1 Nf6 38. Be1 Qh7 39. Qf3 Qh5 40. Nh3 Nh7 41. Rb2 Nf6 42. Rg2 Bg7 43. Rxg4 Nxg4 44. Ke2 Qg6 45. Kd3 Ne3 46. Bd2 Ng2 47. Nf2 Qg3 48. Qxg3 fxg3 49. Nh3 Kf7 50. Ne2 Nf4+ 51. Nhxf4 exf4 52. Bxf4 g2 53. Bxd6 Kg6 54. Bxc5 1-0

[Event "XIII Mediterranean Championship 2023"]
[Site "Castell-Platja d Aro"]
[Date "2023.11.11"]
[Round "9.10"]
[White "Eugene, Floryan"]
[Black "Guillo Longares, Cecilia"]
[Result "1-0"]
[ECO "B38"]
[WhiteElo "2426"]
[BlackElo "2065"]
[Annotator "RC"]
[PlyCount "69"]
[EventDate "2023.10.26"]
[EventType "swiss"]
[EventCountry "ESP"]
[SourceTitle "playchess.com"]
[Source "ChessBase"]
[SourceQuality "1"]
[TimeControl "5400+30"]

1. e4 c5 2. Nf3 Nc6 3. d4 cxd4 4. Nxd4 g6 5. c4 Bg7 6. Be3 Qb6 7. Nb3 Qd8 8. Qd2 Nf6 9. Nc3 Ng4 10. Bf4 d6 11. Be2 a5 12. Bxg4 Bxg4 13. Bh6 O-O 14. Bxg7 Kxg7 15. Nd4 Qb6 16. Ndb5 a4 17. Nd5 Qa5 18. Rc1 Be6 19. Rc3 Bxd5 20. exd5 Ne5 21. Qd4 Rfc8 22. O-O Kg8 23. Rfc1 Qb4 24. f4 Ng4 25. h3 Nf6 26. Re3 Kf8 27. Kh2 Ra5 28. Rxe7 Kxe7 29. a3 Rxc4 30. axb4 Rxd4 31. Rc7+ Kd8 32. bxa5 Nxd5 33. Rxb7 Rb4 34. a6 Nc7 35. a7 1-0